 Dungeon Sprint DCSS version 0.23.1 (webtiles) character file.

Game seed: 2515829218737285249

8162 nuthulu the Blocker (level 11, -7/78 HPs)
             Began as a Gargoyle Fighter on Mar 4, 2019.
             Was the Champion of Qazlal.
             Mangled by a catoblepas (18 damage)
             ... while paralysed by a floating eye
             ... in the Dungeon (Sprint VII: "The Pits").
             The game lasted 00:05:59 (1485 turns).

nuthulu the Blocker (Gargoyle Fighter)              Turns: 1485, Time: 00:06:00

Health: -7/78      AC: 29    Str: 26    XL:     11   Next: 26%
Magic:  14/20      EV:  2    Int:  9    God:    Qazlal [******]
Gold:   0          SH:  0    Dex:  9    Spells: 10/10 levels left

rFire    . . .     SeeInvis .   s - +2 morningstar (crush)
rCold    . . .     Gourm    .   c - +0 shield
rNeg     + . .     Faith    .   q - +2 plate armour
rPois    ∞         Spirit   .   u - +0 helmet
rElec    +         Reflect  .   (no cloak)
rCorr    .         Harm     .   t - +0 pair of gloves
MR       .....     NoTele   +   (no boots)
Stlth    ..........             (no amulet)
HPRegen  0.23/turn              d - +3 ring of evasion
MPRegen  0.17/turn              r - +3 ring of strength

@: paralysed, repel missiles
A: negative energy resistance 1, electricity resistance, unbreathing,
petrification resistance, rot immunity, AC +8
a: Upheaval, Elemental Force, Disaster Area, Renounce Religion


You were in the Dungeon.
You worshipped Qazlal.
Qazlal was exalted by your worship.
You were not hungry.

You visited 1 branch

Inventory:

Hand Weapons
 s - a +2 morningstar of crushing (weapon)
Armour
 c - a +0 shield (worn)
 q - a +2 plate armour (worn)
 t - a +0 pair of gloves (worn)
 u - a +0 helmet (worn)
Jewellery
 d - a +3 ring of evasion (left hand)
 r - a +3 ring of strength (right hand)
Scrolls
 k - a scroll of blinking
 n - 3 scrolls of remove curse
 o - 5 scrolls of amnesia
 p - a scroll of summoning
Potions
 a - 4 potions of brilliance
 b - a potion of resistance
 e - 6 potions of curing
 g - 4 potions of heal wounds
 h - a potion of haste
 i - 4 potions of magic
 j - 2 potions of berserk rage
 l - a potion of mutation
 m - a potion of invisibility
Comestibles
 f - 8 rations


   Skills:
 + Level 13.6 Fighting
 + Level 12.4 Maces & Flails
 + Level 13.6 Armour
 + Level 13.6 Shields
 + Level 12.0 Invocations


You had 10 spell levels left.
You didn't know any spells.
Your spell library was empty.

Dungeon Overview and Level Annotations

Branches:
Dungeon (1/1)

Altars:
Ashenzari
Cheibriados
Dithmenos
Elyvilon
Fedhas
Gozag
Hepliaklqana
Kikubaaqudgha
Makhleb
Nemelex Xobeh
Okawaru
Qazlal
Ru
Sif Muna
Trog
Uskayaw
Vehumet
Wu Jian
Xom
Yredelemnul
Zin
The Shining One
Beogh
Jiyva
Lugonu


Innate Abilities, Weirdness & Mutations

You are resistant to torment.
Your stone body is resilient. (AC +8)
You are immune to poison.
You resist negative energy. (rN+)
You are resistant to electric shocks. (rElec)
You can survive without breathing.
You are immune to petrification.
You are immune to rotting.


Message History

You start resting.
The floating eye is too close now for your liking.
A floating eye is nearby!
You hit the floating eye.
The floating eye is moderately wounded.
Your fire elemental hits the floating eye.
Your fire elemental burns the floating eye!
The floating eye gazes piercingly through you!
You suddenly lose the ability to move!
Your fire elemental hits the floating eye.
The floating eye dies!
Qazlal accepts your kill.
Your Invocations skill increases to level 12!
Your fire elemental hits the catoblepas.
Your fire elemental burns the catoblepas!
The catoblepas gores you but does no damage.
Your fire elemental hits the catoblepas.
Your fire elemental burns the catoblepas!
The catoblepas gores you!!
You die...

........+ ........+
.#......# ........#
#''###### #''# ########
##### #..#
##......###...##
#.÷###).#†#...°.EYs.##
#).##).##†##..§†@#...#
#..##.##...##.§.###..#
#..####.....##†## ##G##
#.†)##).....#..†#.#..Y#
#...('.÷....'...3.'...'.
#..)##......#...#h#...#..
#..####.....##.##.# ##..
#..# ##...##...# # #.
#..# ##.##.....#


You could see a catoblepas, a jumping spider and a friendly fire elemental.

Vanquished Creatures
  A two-headed ogre (D)
  2 death yaks (D)
  A shadow wraith (D)
  A lindwurm (D)
  A deep elf mage (D)
  A black mamba (D)
  A smoke demon (D)
  A gargoyle (D)
  A komodo dragon (D)
  A hellwing (D)
  A merfolk (D)
  5 slime creatures (D)
  Prince Ribbit (D)
  A shadow (D)
  A redback (D)
  A ynoxinul (D)
  A wyvern (D)
  A basilisk (D)
  A soldier ant (D)
  2 floating eyes (D)
  A swamp drake (D)
  A black bear (D)
  An ogre (D)
  A centaur (D)
  A crocodile (D)
  A big kobold (D)
  4 killer bees (D)
  A crimson imp (D)
  A gnoll shaman (D)
  Terence (D)
  2 worker ants (D)
  4 gnolls (D)
  A white imp (D)
  3 leopard geckos (D)
  A bat skeleton (D)
  A giant cockroach (D)
  2 hobgoblins (D)
  2 jackals (D)
  A quokka (D)
  A ball python zombie (D)
  A bat (D)
  A giant cockroach zombie (D)
  A goblin (D)
  A kobold (D)
  4 rats (D)
65 creatures vanquished.

Vanquished Creatures (collateral kills)
  A lindwurm (D)
  A floating eye (D)
2 creatures vanquished.

Vanquished Creatures (others)
  A swamp drake (D)
1 creature vanquished.

Grand Total: 68 creatures vanquished

Notes
Turn   | Place    | Note
-------+----------+-------------------------------------------
     0 | D        | nuthulu the Gargoyle Fighter began the quest for the Orb.
     0 | D        | Reached XP level 1. HP: 14/14 MP: 1/1
   100 | D        | Found a glowing golden altar of the Shining One.
   100 | D        | Found a glowing silver altar of Zin.
   100 | D        | Found a basalt altar of Yredelemnul.
   100 | D        | Found a shimmering altar of Xom.
   100 | D        | Found an ornate altar of the Wu Jian Council.
   100 | D        | Found a bloodstained altar of Trog.
   100 | D        | Found a deep blue altar of Sif Muna.
   100 | D        | Found a sacrificial altar of Ru.
   100 | D        | Found a stormy altar of Qazlal.
   100 | D        | Found an iron altar of Okawaru.
   100 | D        | Found a sparkling altar of Nemelex Xobeh.
   100 | D        | Found a burning altar of Makhleb.
   100 | D        | Found a viscous altar of Jiyva.
   100 | D        | Found a hazy altar of Hepliaklqana.
   100 | D        | Found an opulent altar of Gozag.
   100 | D        | Found a blossoming altar of Fedhas.
   100 | D        | Found a white marble altar of Elyvilon.
   100 | D        | Found a shadowy altar of Dithmenos.
   100 | D        | Found a snail-covered altar of Cheibriados.
   102 | D        | Found a radiant altar of Vehumet.
   102 | D        | Found a corrupted altar of Lugonu.
   102 | D        | Found a roughly hewn altar of Beogh.
   103 | D        | Found a hide-covered altar of Uskayaw.
   103 | D        | Found an ancient bone altar of Kikubaaqudgha.
   103 | D        | Found a shattered altar of Ashenzari.
   106 | D        | Became a worshipper of Qazlal Stormbringer
   151 | D        | Reached * piety under Qazlal
   151 | D        | Reached XP level 2. HP: 14/20 MP: 2/2
   459 | D        | Noticed a big kobold
   460 | D        | Noticed a floating eye
   468 | D        | Reached XP level 3. HP: 25/25 MP: 3/3
   470 | D        | Killed a floating eye
   470 | D        | Reached ** piety under Qazlal
   470 | D        | Reached skill level 5 in Maces & Flails
   470 | D        | Reached XP level 4. HP: 32/32 MP: 4/4
   470 | D        | Reached XP level 5. HP: 37/37 MP: 5/5
   476 | D        | Killed a big kobold
   606 | D        | Noticed a black bear
   633 | D        | Killed a black bear
   633 | D        | Reached XP level 6. HP: 38/44 MP: 5/7
   635 | D        | Reached *** piety under Qazlal
   651 | D        | Reached **** piety under Qazlal
   796 | D        | Noticed a komodo dragon
   817 | D        | Killed a komodo dragon
   817 | D        | Reached skill level 5 in Invocations
   817 | D        | Reached XP level 7. HP: 36/50 MP: 2/10
   904 | D        | Noticed Terence
   905 | D        | Paralysed by a floating eye for 3 turns
   908 | D        | Killed Terence
   913 | D        | Reached ***** piety under Qazlal
   923 | D        | Noticed a shadow
   936 | D        | Killed a shadow
   936 | D        | Reached XP level 8. HP: 41/56 MP: 12/12
  1057 | D        | Noticed a wyvern
  1057 | D        | Noticed a black mamba
  1063 | D        | Killed a black mamba
  1063 | D        | Reached skill level 10 in Fighting
  1063 | D        | Reached skill level 10 in Armour
  1063 | D        | Reached skill level 10 in Shields
  1066 | D        | Killed a wyvern
  1082 | D        | Noticed a death yak
  1082 | D        | Noticed a two-headed ogre
  1099 | D        | Killed a two-headed ogre
  1099 | D        | Reached XP level 9. HP: 15/63 MP: 7/15
  1109 | D        | Killed a death yak
  1109 | D        | Reached skill level 10 in Maces & Flails
  1137 | D        | Noticed a merfolk
  1138 | D        | Noticed a hellwing
  1154 | D        | Killed a hellwing
  1162 | D        | Reached ****** piety under Qazlal
  1162 | D        | Reached XP level 10. HP: 46/71 MP: 17/17
  1207 | D        | Reached skill level 10 in Invocations
  1237 | D        | Noticed a death yak
  1257 | D        | Killed a death yak
  1345 | D        | Noticed a lindwurm
  1345 | D        | Noticed a deep elf mage
  1346 | D        | Noticed a gargoyle
  1373 | D        | Killed a gargoyle
  1379 | D        | Killed a deep elf mage
  1386 | D        | Killed a lindwurm
  1392 | D        | Killed a shadow wraith
  1392 | D        | Reached XP level 11. HP: 28/78 MP: 19/19
  1437 | D        | Noticed Prince Ribbit
  1457 | D        | Killed Prince Ribbit
  1464 | D        | Noticed a lindwurm
  1478 | D        | Killed a lindwurm
  1478 | D        | Noticed a catoblepas
  1483 | D        | Paralysed by a floating eye for 2 turns
  1485 | D        | Mangled by a catoblepas

Skill      XL: |  1  2  3  4  5  6  7  8  9 10 11 |
---------------+----------------------------------+-----
Fighting       | 4 6 7 8 9 10 11 13 | 13.6
Maces & Flails | 3 5 6 7 8 9 10 12 | 12.4
Armour         | 4 6 7 8 9 10 11 13 | 13.6
Shields        | 4 6 7 8 9 10 11 13 | 13.6
Invocations    | 2 5 6 8 9 11 12 | 12.0

Action                   |  1- 3 |  4- 6 |  7- 9 | 10-12 || total
-------------------------+-------+-------+-------+-------++-------
Melee: Flail             |    48 |    58 |    22 |       ||   128
       Morningstar       |       |       |    45 |   105 ||   150
Invok: Elemental Force   |       |     1 |       |     1 ||     2
       Disaster Area     |       |       |     1 |     2 ||     3
  Use: Potion            |     1 |     3 |     1 |     4 ||     9
 Stab: Invisible         |       |       |       |     2 ||     2
  Eat: Ration            |       |       |     1 |       ||     1
Armor: Scale mail        |    22 |     1 |       |       ||    23
       Plate armour      |       |    25 |    33 |    58 ||   116
Dodge: Dodged            |    16 |     6 |    19 |    24 ||    65
Block: Shield            |    25 |    44 |    88 |   126 ||   283
